 Dungeon Crawl Stone Soup version 0.21.1-1-g345015f (webtiles) character file.

31486 Supreme the Unseen (level 13, -3/60 HPs)
             Began as a Spriggan Enchanter on Mar 29, 2018.
             Was the Champion of Dithmenos.
             Succumbed to barbed spike wounds
             ... on level 4 of the Lair of Beasts on Mar 30, 2018.
             The game lasted 05:46:23 (13154 turns).

Supreme the Unseen (Spriggan Enchanter)            Turns: 13154, Time: 05:46:24

Health: -3/60      AC:  4    Str:  4    XL:     13   Next: 26%
Magic:  23/30      EV: 19    Int: 26    God:    Dithmenos [******]
Gold:   583        SH:  6    Dex: 17    Spells: 4/36 levels left

rFire    . . .     SeeInvis +   H - +1 dagger (venom)
rCold    . . .     Gourm    .   (shield restricted)
rNeg     . . .     Faith    .   S - +0 troll leather armour
rPois    .         Spirit   .   (helmet restricted)
rElec    .         Reflect  +   (no cloak)
rCorr    .         Harm     .   (gloves unavailable)
MR       ++...                  (boots unavailable)
Stlth    ++++++++++             t - +6 amulet of reflection
HPRegen  0.60/turn              P - +5 ring of slaying
MPRegen  0.22/turn              w - +5 ring of intelligence

@: barbed spikes, wreathed by umbra, very quick
A: very small, unfitting armour, see invisible, herbivore, speed 3, slow
metabolism 2
a: Shadow Step, Shadow Form, Renounce Religion


You were on level 4 of the Lair of Beasts.
You worshipped Dithmenos.
Dithmenos was exalted by your worship.
You were hungry.

You visited 3 branches of the dungeon, and saw 18 of its levels.

You collected 1012 gold pieces.
You spent 429 gold pieces at shops.

Inventory:

Hand Weapons
 r - a +5 short sword
 H - a +1 dagger of venom (weapon)
 J - a +1 hand axe of freezing
Missiles
 v - 4 steel tomahawks (quivered)
Armour
 b - a +1 robe
 O - a +0 robe
 S - a +0 troll leather armour (worn)
Jewellery
 i - an uncursed ring of protection from cold
 k - an uncursed ring of wizardry
 t - a +6 amulet of reflection (around neck)
 w - a +5 ring of intelligence (right hand)
 x - an uncursed ring of protection from magic
 E - a +3 ring of dexterity
 F - a +4 ring of protection
 I - an uncursed ring of magical power
 P - a +5 ring of slaying (left hand)
Wands
 a - a wand of paralysis (16)
 n - a wand of acid (9)
 C - a wand of disintegration (20)
Scrolls
 q - 2 scrolls of amnesia
 A - 5 scrolls of teleportation
 G - 2 scrolls of enchant weapon {unknown}
 K - 3 scrolls of fog
 M - 2 scrolls of magic mapping
 R - 2 scrolls of silence {unknown}
 W - a scroll of fear {unknown}
 Y - a scroll of enchant armour
Potions
 e - 7 potions of brilliance
 h - a potion of cancellation
 j - 10 potions of curing
 l - 5 potions of ambrosia
 m - 2 potions of berserk rage
 o - 4 potions of might
 p - a potion of invisibility
 s - a potion of experience {unknown}
 u - 2 potions of haste
 z - a potion of agility
 B - 3 potions of lignification
 D - a potion of magic {unknown}
 N - a potion of resistance
Books
 c - a book of Cantrips

   Spells                             Type                      Level
   a - Confusing Touch                Hexes                        1
   b - Animate Skeleton               Necromancy                   1
   c - Summon Small Mammal            Summoning                    1
   d - Apportation                    Translocation                1
 f - the Reference Book on Aid and the Voyage
   (You found it on level 9 of the Dungeon)

   Spells                             Type                      Level
   a - Apportation                    Translocation                1
   b - Swiftness                      Charms/Air                   2
   c - Controlled Blink               Translocation                8
 g - a book of Minor Magic

   Spells                             Type                      Level
   a - Magic Dart                     Conjuration                  1
   b - Blink                          Translocation                2
   c - Call Imp                       Summoning                    2
   d - Slow                           Hexes                        2
   e - Conjure Flame                  Conjuration/Fire             3
   f - Mephitic Cloud                 Conjuration/Poison/Air       3
 y - a book of Maledictions

   Spells                             Type                      Level
   a - Corona                         Hexes                        1
   b - Ensorcelled Hibernation        Hexes/Ice                    2
   c - Confuse                        Hexes                        3
   d - Tukima's Dance                 Hexes                        3
   e - Dazzling Spray                 Conjuration/Hexes            3
 L - Sif Muna's Volume of Hurtful Flight
   (You found it on level 3 of the Dungeon)

   Spells                             Type                      Level
   a - Shock                          Conjuration/Air              1
 Q - a book of Power

   Spells                             Type                      Level
   a - Iskenderun's Battlesphere      Conjuration/Charms           5
   b - Venom Bolt                     Conjuration/Poison           5
   c - Bolt of Magma                  Conjuration/Fire/Earth       5
   d - Iron Shot                      Conjuration/Earth            6
   e - Orb of Destruction             Conjuration                  7
   f - Spellforged Servitor           Conjuration/Summoning        7
Comestibles
 d - 36 rations


   Skills:
 + Level 3.0 Fighting
 * Level 10.8 Short Blades
   Level 1.1(5.3) Long Blades
   Level 1.0 Maces & Flails
   Level 2.0(3.6) Slings
 - Level 3.9(4.1) Throwing
 + Level 1.6 Armour
 + Level 5.9 Dodging
 + Level 17.2 Stealth
 + Level 12.4 Spellcasting
 + Level 2.1 Conjurations
 + Level 10.3 Hexes
 + Level 4.8 Necromancy
 + Level 0.5 Translocations
 + Level 3.4 Ice Magic
 + Level 0.6 Air Magic


You had 4 spell levels left.
You knew the following spells:

 Your Spells              Type           Power        Failure   Level  Hunger
a - Corona                Hex            ######.      1%          1    None
b - Ensorcelled Hibernat  Hex/Ice        ######       1%          2    None
c - Tukima's Dance        Hex            ######..     1%          3    None
d - Dazzling Spray        Conj/Hex       #####.       1%          3    None
e - Confuse               Hex            ######..     1%          3    None
f - Apportation           Tloc           ###...       4%          1    None
g - Animate Skeleton      Necr           N/A          1%          1    None
h - Shock                 Conj/Air       ###.         3%          1    None
i - Swiftness             Chrm/Air       ###.....     9%          2    None
j - Controlled Blink      Tloc           N/A          100%        8    #######
k - Blink                 Tloc           N/A          8%          2    None
l - Mephitic Cloud        Conj/Pois/Air  ###.....     13%         3    None
m - Slow                  Hex            ######..     1%          2    None


Dungeon Overview and Level Annotations

Branches:
Dungeon (12/15)            Temple (1/1) D:4            Lair (5/6) D:9
  Swamp (0/4) Lair:3        Snake (0/4) Lair:3          Orc (0/2) D:10
  Slime: Lair:5-6

Altars:
Ashenzari
Cheibriados
Dithmenos
Elyvilon
Fedhas
Gozag
Hepliaklqana
Kikubaaqudgha
Makhleb
Nemelex Xobeh
Okawaru
Qazlal
Ru
Sif Muna
Trog
Uskayaw
Vehumet
Wu Jian
Xom
Yredelemnul
Zin
The Shining One
Jiyva

Shops:
D:5 !   D:10 =[(   D:11 [


Innate Abilities, Weirdness & Mutations

You are very small and have problems with some larger weapons.
You are too small for most types of armour.
You have supernaturally acute eyesight. (SInv)
You are a herbivore.
You cover ground extremely quickly.
You need consume almost no food.


Message History

Casting: Ensorcelled Hibernation
Confirm with . or Enter, or press ? or * to list all spells.
You attempt to give life to the dead...
Before your eyes, flesh is ripped from the corpse!
The dead are walking!
You are engulfed in a cloud of scalding steam.
Your wyvern skeleton bites the steam dragon but does no damage.
The manticore flicks its tail.
The volley of spikes hits you!
The barbed spikes become lodged in your body.
* * * LOW HITPOINT WARNING * * *
You block the elephant's attack. The elephant closely misses you.
The steam dragon barely misses your wyvern skeleton. x2
You see here 4 chunks of flesh.
The barbs in your skin will harm you if you move.
Continue?
The barbed spikes dig painfully into your body as you move.
* * * LOW HITPOINT WARNING * * *
Your wyvern skeleton bites the steam dragon but does no damage.
The barbed spikes dig painfully into your body as you move.
You die...

#r............###....
#....y........#.....
##........y..>P.....
.###.............<.....
#....#H§§§§r......#.... ...
#.P...D§Y§§......[.....
>.♣.+$.>.♣#...###Z§§§............
....#. ... .P.##Z§§§§§P.##.##....
.....# ♣.##....#@§§§§..######....
♣....###...#.###§§§§....# #P....
..#..........##.§§§P...## ##...#
#........#..#.#..P....# #....#
.#..........###..[.....## #.....
#...........####........# ##....#
...........<..#....#.P### #.....#
..........#.......#.### ##....##
.........#####.......P# ##......#


You could see a friendly crocodile skeleton and a friendly wyvern skeleton.

Vanquished Creatures
  7 hydras
  4 two-headed ogres
  A tengu warrior (D:9)
  Urug (Lair:4)
  A manticore (D:9)
  3 elephants (Lair:3)
  A gargoyle (D:10)
  A black mamba (Lair:4)
  Joseph (D:9)
  A rime drake (Lair:4)
  7 spiny frogs
  2 komodo dragons
  3 trolls
  The ghost of buskinjo the Digger, a novice GrEE (D:5)
  A meliai (Lair:4)
  Prince Ribbit (D:8)
  5 hippogriffs
  7 blink frogs
  A shadow (D:9)
  3 wyverns
  A human (D:7)
  A basilisk (Lair:1)
  A wraith (D:3)
  3 hogs (D:7)
  20 yaks
  A hungry ghost (D:9)
  Menkaure (D:7)
  4 nagas (Lair:3)
  4 water moccasins
  5 porcupines
  5 orc warriors
  5 ice beasts
  4 sky beasts
  A necrophage (D:10)
  A black bear (D:9)
  5 ogres
  2 phantoms
  5 wolves
  4 centaurs
  7 crocodiles
  Blork the orc (D:6)
  11 bullfrogs
  A gnoll sergeant (D:7)
  2 wyvern skeletons
  5 scorpions
  21 killer bees
  3 wights
  2 howler monkeys
  7 crimson imps
  A quasit (D:10)
  6 hounds
  A jelly (D:5)
  5 orc priests
  A bullfrog skeleton (D:5)
  4 centaur skeletons
  7 orc wizards
  3 iguanas
  8 worker ants
  2 hound skeletons
  4 gnolls (D:7)
  5 adders
  A shadow imp (D:7)
  2 adder skeletons
  A dart slug (D:5)
  3 leopard geckos
  33 orcs
  9 bats
  10 giant cockroaches
  6 goblins
  4 hobgoblins
  5 jackals
  3 quokkas
  3 ball pythons
  3 frilled lizards
  5 kobolds
  7 rats
  A fungus (Lair:3)
328 creatures vanquished.

Vanquished Creatures (collateral kills)
  An elephant (Lair:3)
  2 komodo dragons (Lair:3)
  3 blink frogs (Lair:3)
  4 yaks
  A hog (D:7)
  An orc warrior (D:9)
  2 ice beasts (D:10)
  A wolf (Lair:2)
  2 crocodiles
  A big kobold (D:9)
  A bullfrog (Lair:1)
  2 killer bees
  3 wights
  A crimson imp (D:7)
  A bullfrog skeleton (D:10)
  A jelly (D:8)
  An orc wizard (D:10)
  A worker ant (D:9)
  An orc (D:9)
  A kobold (D:9)
  3 fungi
  A plant (Lair:3)
35 creatures vanquished.

Vanquished Creatures (others)
  A dancing weapon (D:6)
  A killer bee (D:7)
  An orc wizard (D:10)
  4 fungi
  4 plants
11 creatures vanquished.

Grand Total: 374 creatures vanquished

Notes
Turn   | Place    | Note
-------+----------+-------------------------------------------
     0 | D:1      | Supreme the Spriggan Enchanter began the quest for the Orb.
     0 | D:1      | Reached XP level 1. HP: 9/9 MP: 5/5
   182 | D:1      | Reached XP level 2. HP: 7/13 MP: 3/6
   186 | D:1      | Learned a level 2 spell: Ensorcelled Hibernation
   302 | D:3      | Found a transporter.
   302 | D:3      | Noticed a wraith
   303 | D:3      | Found a hazy altar of Hepliaklqana.
   674 | D:2      | Noticed a crimson imp
   858 | D:2      | Killed a crimson imp
   858 | D:2      | Reached XP level 3. HP: 7/16 MP: 3/8
  1149 | D:2      | Reached XP level 4. HP: 5/21 MP: 7/10
  1339 | D:2      | Learned a level 3 spell: Tukima's Dance
  1343 | D:2      | Learned a level 3 spell: Dazzling Spray
  1391 | D:2      | Reached skill level 5 in Stealth
  1473 | D:2      | HP: 1/21 [poisoned by a worker ant]
  1695 | D:3      | Found a sparkling altar of Nemelex Xobeh.
  1867 | D:3      | Noticed a bullfrog
  1901 | D:3      | Killed a bullfrog
  1901 | D:3      | Reached XP level 5. HP: 17/24 MP: 0/12
  2053 | D:4      | Found an iron altar of Okawaru.
  2053 | D:4      | Found a snail-covered altar of Cheibriados.
  2053 | D:4      | Found a shadowy altar of Dithmenos.
  2054 | D:4      | Found a stormy altar of Qazlal.
  2054 | D:4      | Found a shimmering altar of Xom.
  2054 | D:4      | Found an opulent altar of Gozag.
  2054 | D:4      | Found a snail-covered altar of Cheibriados.
  2056 | D:4      | Found a deep blue altar of Sif Muna.
  2056 | D:4      | Found a basalt altar of Yredelemnul.
  2056 | D:4      | Found a glowing golden altar of the Shining One.
  2056 | D:4      | Found a shimmering altar of Xom.
  2056 | D:4      | Found a radiant altar of Vehumet.
  2062 | D:4      | Found a staircase to the Ecumenical Temple.
  2159 | D:5      | Entered Level 5 of the Dungeon
  2159 | D:5      | Found a shattered altar of Ashenzari.
  2201 | Temple   | Entered the Ecumenical Temple
  2302 | Temple   | Became a worshipper of Dithmenos the Shadowed
  2397 | D:3      | Found an ornate altar of the Wu Jian Council.
  2516 | D:3      | Reached skill level 6 in Stealth
  2586 | D:3      | Learned a level 3 spell: Confuse
  2625 | D:3      | Found a transporter.
  2691 | D:3      | Reached XP level 6. HP: 28/28 MP: 13/13
  2742 | D:3      | Found a deep blue altar of Sif Muna.
  2823 | D:4      | Noticed a sky beast
  2831 | D:4      | Killed a sky beast
  2831 | D:4      | Reached skill level 7 in Stealth
  2831 | D:4      | Reached skill level 1 in Ice Magic
  3083 | D:6      | Reached skill level 5 in Hexes
  3125 | D:5      | Noticed buskinjo's ghost (novice GrEE)
  3237 | D:5      | Found a radiant altar of Vehumet.
  3288 | D:5      | Found Hicifuts's Distillery.
  3290 | D:5      | Noticed a sky beast
  3311 | D:5      | Reached XP level 7. HP: 32/32 MP: 7/15
  3321 | D:5      | Learned a level 1 spell: Apportation
  3323 | D:5      | Learned a level 1 spell: Animate Skeleton
  3343 | D:5      | Bought a potion of agility for 44 gold pieces
  3343 | D:5      | Bought a potion of lignification for 33 gold pieces
  3343 | D:5      | Bought a potion of might for 44 gold pieces
  3343 | D:5      | Bought a potion of heal wounds for 55 gold pieces
  3440 | D:5      | Reached * piety under Dithmenos
  3656 | D:5      | Reached skill level 5 in Spellcasting
  3710 | D:5      | Reached skill level 8 in Stealth
  3937 | D:3      | Identified Sif Muna's Volume of Hurtful Flight
  4059 | D:3      | Reached skill level 1 in Fighting
  4152 | D:3      | Killed a wraith
  4152 | D:3      | Reached skill level 1 in Long Blades
  4152 | D:3      | Reached XP level 8. HP: 34/37 MP: 2/17
  4378 | D:4      | You fall through a shaft for 2 floors!
  4380 | D:6      | Noticed Blork the orc
  4388 | D:6      | Killed Blork the orc
  4541 | D:5      | Bought a potion of berserk rage for 55 gold pieces
  4825 | D:6      | Learned a level 1 spell: Shock
  4865 | D:6      | Got an ancient whip
  4866 | D:6      | Identified the +10 whip of the New World {slash, *Drain Str+2 Int+2} (You found it on level 6 of the Dungeon)
  4958 | D:6      | Reached skill level 1 in Necromancy
  5375 | D:6      | Reached skill level 5 in Short Blades
  5375 | D:6      | Reached skill level 1 in Maces & Flails
  5508 | D:7      | Found a shadowy altar of Dithmenos.
  5588 | D:5      | Bought a potion of invisibility for 88 gold pieces
  5720 | D:7      | Reached skill level 9 in Stealth
  5796 | D:7      | Noticed Menkaure
  5827 | D:7      | Reached XP level 9. HP: 24/41 MP: 1/21
  6057 | D:7      | Reached ** piety under Dithmenos
  6502 | D:7      | Killed Menkaure
  6708 | D:7      | Reached skill level 10 in Stealth
  6863 | D:8      | Found an iron altar of Okawaru.
  6863 | D:8      | Found a shimmering altar of Xom.
  7120 | D:9      | Noticed Joseph
  7126 | D:9      | Noticed Prince Ribbit
  7127 | D:9      | Killed Joseph
  7139 | D:10     | Entered Level 10 of the Dungeon
  7139 | D:10     | Noticed a gargoyle
  7147 | D:9      | Reached skill level 1 in Conjurations
  7155 | D:8      | Killed Prince Ribbit
  7173 | D:9      | Reached XP level 10. HP: 23/46 MP: 13/23
  7182 | D:9      | Reached skill level 11 in Stealth
  7263 | D:8      | Noticed a two-headed ogre
  7269 | D:8      | Killed a two-headed ogre
  7364 | D:9      | Noticed a manticore
  7367 | D:9      | Reached *** piety under Dithmenos
  7374 | D:9      | Killed a manticore
  7384 | D:9      | Identified the Reference Book on Aid and the Voyage
  7399 | D:9      | Learned a level 2 spell: Swiftness
  7420 | D:9      | Reached skill level 12 in Stealth
  7430 | D:9      | Learned a level 8 spell: Controlled Blink
  7472 | D:8      | Noticed a two-headed ogre
  7496 | D:8      | Killed a two-headed ogre
  7496 | D:8      | Reached skill level 1 in Throwing
  7523 | D:8      | Noticed a two-headed ogre
  7530 | D:8      | Killed a two-headed ogre
  7560 | D:8      | Reached skill level 13 in Stealth
  7757 | D:8      | Found a glowing golden altar of the Shining One.
  7757 | D:8      | Found a sacrificial altar of Ru.
  7980 | D:5      | Killed buskinjo's ghost
  8001 | D:5      | Bought a potion of resistance for 110 gold pieces
  8103 | D:9      | Noticed a tengu warrior
  8123 | D:9      | Killed a tengu warrior
  8123 | D:9      | Reached XP level 11. HP: 50/50 MP: 21/25
  8378 | D:9      | Got an encrusted long sword
  8379 | D:9      | Identified the +4 long sword "Voce" {flame, rElec rF+ rN+ Int-4} (You found it on level 9 of the Dungeon)
  8417 | D:9      | Reached skill level 10 in Spellcasting
  8442 | D:9      | Found a burning altar of Makhleb.
  8469 | D:9      | Found a staircase to the Lair.
  8645 | D:9      | Reached **** piety under Dithmenos
  8653 | D:9      | Reached skill level 5 in Dodging
  8857 | D:11     | Found Veuts's Armour Shoppe.
  8894 | D:10     | Found Cug Xenoy's Jewellery Boutique.
  8894 | D:10     | Noticed a two-headed ogre
  9006 | D:10     | Killed a two-headed ogre
  9102 | D:11     | Found a sacrificial altar of Ru.
  9149 | D:10     | Found a shimmering altar of Xom.
  9368 | D:10     | Found Ythenad's Weapon Boutique.
  9370 | D:10     | Found a staircase to the Orcish Mines.
  9408 | D:10     | Reached skill level 14 in Stealth
  9518 | D:10     | Found Hitruirr's Armour Boutique.
 10124 | Lair:1   | Entered Level 1 of the Lair of Beasts
 10221 | Lair:1   | Reached ***** piety under Dithmenos
 10486 | Lair:1   | Reached skill level 1 in Armour
 10509 | Lair:1   | Learned a level 2 spell: Blink
 10513 | Lair:1   | Learned a level 3 spell: Mephitic Cloud
 10554 | Lair:1   | Reached XP level 12. HP: 56/56 MP: 27/27
 10598 | Lair:2   | Reached skill level 15 in Stealth
 10689 | Lair:2   | Noticed a four-headed hydra
 10839 | Lair:1   | You fall through a shaft!
 10853 | Lair:2   | Killed a four-headed hydra
 10934 | Lair:2   | Learned a level 2 spell: Slow
 11004 | Lair:2   | Noticed an eight-headed hydra
 11027 | Lair:2   | Killed an eight-headed hydra
 11870 | Lair:3   | Noticed a four-headed hydra
 11873 | Lair:3   | Killed a four-headed hydra
 11873 | Lair:3   | Reached skill level 10 in Hexes
 11896 | Lair:3   | Found a staircase to the Snake Pit.
 11904 | Lair:3   | Reached skill level 10 in Short Blades
 11965 | Lair:3   | Found a staircase to the Swamp.
 11968 | Lair:3   | Noticed an eight-headed hydra
 11977 | Lair:3   | Reached skill level 16 in Stealth
 11988 | Lair:3   | Killed an eight-headed hydra
 12257 | Lair:4   | Noticed Urug
 12264 | Lair:4   | Killed Urug
 12278 | Lair:5   | Noticed an eight-headed hydra
 12282 | Lair:5   | Killed an eight-headed hydra
 12329 | Lair:4   | Noticed an eight-headed hydra
 12336 | Lair:4   | Killed an eight-headed hydra
 12339 | Lair:4   | Noticed an eight-headed hydra
 12342 | Lair:4   | Killed an eight-headed hydra
 12342 | Lair:4   | Reached XP level 13. HP: 59/59 MP: 28/30
 12611 | Lair:3   | Reached skill level 17 in Stealth
 12819 | Lair:4   | Reached ****** piety under Dithmenos
 13154 | Lair:4   | Succumbed to barbed spike wounds

Skill      XL: |  1  2  3  4  5  6  7  8  9 10 11 12 13 |
---------------+----------------------------------------+-----
Hexes          | 4 5 6 8 9 10 | 10.3
Spellcasting   | 3 4 5 7 8 9 10 12 | 12.4
Stealth        | 5 6 7 8 9 10 13 14 16 17 | 17.2
Slings         | 2 |  2.0
Short Blades   | 2 3 4 5 6 8 9 10 | 10.8
Ice Magic      | 1 2 3 |  3.4
Dodging        | 4 5 |  5.9
Fighting       | 1 2 3 |  3.0
Long Blades    | 1 |  1.1
Necromancy     | 1 2 3 4 |  4.8
Maces & Flails | 1 |  1.0
Conjurations   | 1 2 |  2.1
Throwing       | 2 3 |  3.9
Armour         | 1 |  1.6
Translocations | |  0.5
Air Magic      | |  0.6

Action                   |  1- 3 |  4- 6 |  7- 9 | 10-12 | 13-15 || total
-------------------------+-------+-------+-------+-------+-------++-------
Melee: Dagger            |    80 |    99 |   154 |   336 |    91 ||   760
       Long sword        |       |       |    23 |       |       ||    23
       Whip              |       |       |    30 |       |       ||    30
       Short sword       |       |       |       |    38 |       ||    38
 Fire: Hunting sling     |    10 |     4 |     1 |       |       ||    15
       Shortbow          |       |       |       |     1 |       ||     1
Throw: Throwing net      |     1 |       |       |       |       ||     1
       Tomahawk          |       |       |       |     4 |       ||     4
 Cast: Corona            |    22 |    12 |     5 |     1 |       ||    40
       Ensorcelled Hiber |    16 |    27 |    16 |    47 |    17 ||   123
       Dazzling Spray    |       |     3 |    15 |    36 |     5 ||    59
       Confuse           |       |     3 |    19 |    19 |       ||    41
       Animate Skeleton  |       |       |    30 |    64 |    10 ||   104
       Apportation       |       |       |     2 |       |       ||     2
       Tukima's Dance    |       |       |     6 |     1 |       ||     7
       Shock             |       |       |    19 |     2 |     5 ||    26
       Slow              |       |       |       |     2 |     1 ||     3
       Blink             |       |       |       |     1 |     4 ||     5
  Use: Scroll            |     2 |     3 |     7 |     8 |     2 ||    22
       Potion            |       |     2 |       |     1 |     1 ||     4
 Stab: Sleeping          |     6 |    27 |    29 |    79 |    15 ||   156
       Invisible         |       |     1 |     3 |    11 |     1 ||    16
       Distracted        |       |     1 |     1 |     2 |     1 ||     5
       Confused          |       |       |     6 |    11 |       ||    17
  Eat: Ration            |       |     1 |     3 |     2 |       ||     6
Armor: Robe              |    15 |     7 |     6 |     4 |       ||    32
       Troll leather arm |       |       |       |     8 |     4 ||    12
Dodge: Dodged            |    95 |    84 |   117 |   154 |    71 ||   521
Block: Other             |       |       |    28 |    52 |    28 ||   108
       Reflection        |       |       |     1 |       |       ||     1
       Rpst.: Long sword |       |       |     3 |       |       ||     3
